 Dungeon Crawl Stone Soup version 0.17.0-22-g5edae84 (webtiles) character file.

336200 HaroldButt the Fencer (level 22, -2/177 HPs)
             Began as a Formicid Fighter on Nov 11, 2015.
             Was the Champion of the Shining One.
             Killed from afar by a spellforged servitor (26 damage)
             ... with an orb of energy
             ... summoned by Frederick
             ... on level 2 of the Vaults on Nov 12, 2015.
             The game lasted 03:57:49 (53896 turns).

HaroldButt the Fencer (Formicid Fighter)           Turns: 53896, Time: 03:57:57

Health: -2/177     AC: 31    Str: 35    XL:     22   Next: 87%
Magic:  11/27      EV: 21    Int: 11    God:    the Shining One [******]
Gold:   3515       SH: 35    Dex: 17    Spells: 2 memorised, 33 levels left

rFire  . . .     SeeInvis +     K - +3 great sword (holy)
rCold  . . .     Clarity  .     Y - +0 storm dragon armour
rNeg   + + +     SustAt   .     n - +0 large shield
rPois  +         Gourm    +     (helmet unavailable)
rElec  +         Spirit   .     y - +2 cloak
rCorr  .         Warding  .     Q - +2 pair of gloves {archery}
rMut   .         Stasis   +     Z - +2 pair of boots
MR     +++..                    x - amulet of the gourmand
Stlth  ..........               G - ring of Ycvyex {MP-9 EV+2 Str+4 Dex+4}
                                r - ring of the Exiled Ships {rPois MR+ Str+10 Dex-4 Stlth-}

@: divine shield, stone skin, glowing, extremely resistant to hostile
enchantments, extremely unstealthy
A: permanent stasis, dig shafts and tunnels, four strong arms, antennae 3
a: Dig, Shaft Self, Divine Shield, Cleansing Flame, Summon Divine Warrior, Brand
Weapon With Holy Wrath, Renounce Religion
}: 2/15 runes: serpentine, barnacled


You were on level 2 of the Vaults.
You worshipped the Shining One.
The Shining One was exalted by your worship.
You were full.

You visited 7 branches of the dungeon, and saw 39 of its levels.
You visited the Abyss 1 time.
You visited 1 bazaar.
You also visited: Ossuary, Bailey, Ice Cave and Volcano.

You collected 4707 gold pieces.
You spent 1192 gold pieces at shops.

Inventory:

Hand Weapons
 o - a +2 scimitar of flaming
 K - a +3 great sword of holy wrath (weapon)
Armour
 k - the +0 scale mail of Honesty {rF+ MR+ SInv}
   (You found it on level 13 of the Dungeon)

   It protects you from fire.
   It affects your resistance to hostile enchantments.
   It lets you see invisible.
 n - a +0 large shield (worn)
 y - a +2 cloak (worn)
 Q - a +2 pair of gloves of archery (worn)
 Y - a +0 storm dragon armour (worn)
 Z - a +2 pair of boots (worn)
Jewellery
 j - an uncursed ring of fire
 p - an uncursed ring of ice
 r - the ring of the Exiled Ships (left hand) {rPois MR+ Str+10 Dex-4 Stlth-}
   (You found it on level 4 of the Shoals)

   [ring of poison resistance]

   It affects your strength (+10).
   It affects your dexterity (-4).
   It protects you from poison.
   It affects your resistance to hostile enchantments.
   It makes you less stealthy.
 t - an uncursed amulet of regeneration
 x - an amulet of the gourmand (around neck)
 z - an uncursed ring of sustain attributes
 G - the ring of Ycvyex (right hand) {MP-9 EV+2 Str+4 Dex+4}
   (You found it on level 7 of the Dungeon)

   [ring of evasion]

   It affects your evasion (+2).
   It affects your strength (+4).
   It affects your dexterity (+4).
   It affects your magic capacity (-9).
 P - an uncursed ring of protection from cold
Wands
 c - a wand of fire (4)
 h - a wand of cold (6)
 M - a wand of cold (7)
 U - a wand of cold (9)
Scrolls
 a - 4 scrolls of amnesia
 b - a scroll of brand weapon
 g - 2 scrolls of fear
 l - 10 scrolls of remove curse
 m - 5 scrolls of immolation
 A - 5 scrolls of enchant weapon
 E - 2 scrolls of holy word
 F - 7 scrolls of recharging
 O - a scroll of silence
 R - 2 scrolls of enchant armour
 T - 3 scrolls of summoning
 V - 2 scrolls of identify
 X - 2 scrolls of fog
Potions
 d - 5 potions of might
 i - 8 potions of curing
 s - 5 potions of agility
 v - 3 potions of brilliance
 C - 2 potions of cancellation
 D - a potion of cure mutation
 I - 5 potions of flight
 L - 2 potions of magic
 S - 2 potions of resistance
Miscellaneous
 w - a phantom mirror
Comestibles
 e - 13 bread rations
 f - 7 beef jerkies
 q - 4 royal jellies
 B - 11 meat rations
 J - 14 fruits
 W - 3 slices of pizza


   Skills:
 + Level 15.9 Fighting
 - Level 18.0 Long Blades
 + Level 14.6 Armour
 + Level 13.6 Dodging
 - Level 15.2 Shields
 - Level 10.0 Spellcasting
 - Level 10.1 Transmutations
 - Level 11.4 Earth Magic
 - Level 15.0 Invocations


You had 33 spell levels left.
You knew the following spells:

 Your Spells              Type           Power        Failure   Level  Hunger
a - Stoneskin             Trmt/Erth      ####....     1%          2    None
b - Statue Form           Trmt/Erth      ####.....    75%         6    #######


Dungeon Overview and Level Annotations

Branches:
Dungeon (15/15)            Temple (0/1) D:7            Lair (8/8) D:11
 Shoals (4/4) Lair:5        Snake (4/4) Lair:6        Slime (0/6) Lair:8
    Orc (4/4) D:12            Elf (0/3) Orc:4        Vaults (3/5) D:14
  Crypt (1/3) Vaults:2     Depths (0/5) D:15

Altars:
Cheibriados
Elyvilon
Gozag
Kikubaaqudgha
Makhleb
Nemelex Xobeh
Okawaru
Qazlal
Ru
Sif Muna
Yredelemnul
Zin
The Shining One
Jiyva
Lugonu

Shops:
D:8 %   Orc:4 [[[=   Shoals:4 :   Snake:4 %   Vaults:2 [

Annotations:
Lair:6 exclusion: oklob plant


Innate Abilities, Weirdness & Mutations

You are under a permanent stasis effect.
You can dig through walls and to a lower floor.
Your four strong arms can wield two-handed weapons with a shield.
You have a pair of large antennae on your head (SInv).


Message History

There is a sudden explosion of sparks!
Your daeva dies!
You are momentarily dazzled by a brilliant light.
You feel somewhat less full.
The spellforged servitor gestures at you while chanting.
The orb of energy hits you!
* * * LOW HITPOINT WARNING * * *
Frederick is no longer moving quickly.
You hit Frederick.
Frederick is almost dead.
Your angel hits Frederick but does no damage. x2
Frederick points at you and mumbles some strange words.
You block the iron shot.
You barely miss Frederick.
Frederick is almost dead.
Your angel hits Frederick with a whip of holy wrath!
Frederick dies!
The spellforged servitor casts a spell at you.
The orb of energy hits you!
You die...

.#..........#.............#......
.############.............#......
..........................#......
.......##############.....#../...
.......#............#.....#######
.......#..#####..##.#............
.......#.##...####..#.)..........
.......#.#...)8.....#............
.......#.#..>..#@...#............
.......#.#.....)A...#............
.......#.##...####..#............
.....).#..#####..##.###########..
.......'............'.........#..
.......##############.........#..
....................#..######'#..
#'########'#........#..#.#....#..
...........#........#..#('....#..


You could see a friendly angel.

Vanquished Creatures
  Saint Roka (Snake:4)
  Vashnia (Snake:4)
  Nikola (Shoals:3)
  A bone dragon (Vaults:1)
  A lich (Vaults:2)
  The ghost of herpmino the Brawler, an adept TrCK of Xom (Snake:3)
  Agnes (Snake:4)
  Frances (Lair:5)
  A storm dragon (Vaults:3)
  Kirke (Snake:1)
  4 vault wardens
  2 frost giants
  Donald (Shoals:1)
  Maud (Lair:8)
  6 greater nagas
  Aizul (Snake:1)
  Louise (Snake:1)
  An orc warlord (Orc:4)
  A war gargoyle (Vaults:1)
  A very ugly thing (Vaults:3)
  3 stone giants
  8 ironheart preservers
  Nessos (Lair:7)
  A deep elf demonologist (Vaults:3)
  Snorg (Orc:3)
  3 merfolk javelineers
  4 fire dragons
  An ettin (Orc:4)
  3 vault guards (Vaults:1)
  12 merfolk impalers
  Josephine (D:14)
  A great orb of eyes (shapeshifter) (Vaults:2)
  7 hydras
  A juggernaut simulacrum (Vaults:1)
  3 great orbs of eyes
  8 naga warriors
  8 anacondas
  2 rakshasas
  An ice dragon (Vaults:1)
  4 yaktaur captains
  8 ogre magi
  A death knight (Crypt:1)
  6 merfolk avatars
  3 alligator snapping turtles
  13 centaur warriors
  A caustic shrike simulacrum (Vaults:1)
  2 deep troll earth magi
  6 merfolk aquamancers
  2 tengu warriors
  4 deep troll shamans
  8 death yaks
  3 orc high priests (Orc:4)
  6 satyrs (Shoals:4)
  5 shock serpents
  21 naga sharpshooters
  A storm dragon zombie (D:15)
  Sonja (Lair:4)
  Nergalle (D:11)
  6 salamander mystics (Snake:4)
  2 spectral humans (Vaults:1)
  6 wizards
  6 deep elf knights
  A shadow wraith (Vaults:3)
  3 skeletal warriors
  3 large abominations
  23 sea snakes
  6 unseen horrors
  3 flayed ghosts
  A deep elf summoner (Vaults:1)
  3 lindwurms
  7 hill giants
  6 deep trolls
  4 phantasmal warriors
  An orange crystal statue (D:12)
  2 giant orange brains
  10 naga ritualists
  9 ironbrand convokers
  17 harpies
  2 deep elf conjurers (Vaults:1)
  3 necromancers
  8 cyclopes
  14 orc knights
  28 fauns
  9 griffons
  A sphinx zombie (D:15)
  5 wolf spiders
  4 oklob plants (Snake:3)
  2 hornets
  A frost giant zombie (Vaults:3)
  10 water nymphs
  13 mana vipers
  8 orc sorcerers
  A tengu skeleton (Vaults:3)
  A fire giant zombie (Vaults:3)
  14 slime creatures
  5 manticores
  17 ugly things
  2 worldbinders (Vaults:1)
  11 elephants
  4 salamanders
  15 naga magi
  A frost giant skeleton (Vaults:3)
  31 black mambas
  9 sirens
  3 fire giant skeletons (Vaults:3)
  14 vault sentinels
  An ice statue (IceCv)
  4 gargoyles
  A black mamba (shapeshifter) (D:13)
  6 guardian serpents
  6 torpor snails (Lair:8)
  4 yaktaurs (Vaults:3)
  11 spiny frogs
  4 fire drakes
  6 freezing wraiths
  6 kobold demonologists
  2 small abominations (Vaults:1)
  A tengu conjurer (D:15)
  A komodo dragon (shapeshifter) (Vaults:1)
  9 komodo dragons
  A redback zombie (Vaults:1)
  A guardian mummy (D:15)
  A harpy zombie (D:14)
  45 merfolk
  14 snapping turtles
  7 wind drakes
  3 giant leeches (Lair:8)
  2 deep elf priests (Vaults:3)
  A harpy skeleton (D:14)
  6 trolls
  A slime creature (shapeshifter) (Vaults:2)
  18 two-headed ogres
  18 polar bears
  11 blink frogs
  5 boulder beetles
  A raiju (shapeshifter) (D:14)
  A trapdoor spider (D:14)
  7 water elementals
  A vampire (D:12)
  An ice dragon skeleton (D:15)
  4 deep elf magi
  2 ettin skeletons (Vaults:1)
  5 wraiths
  A tarantella (shapeshifter) (Vaults:3)
  7 basilisks
  A wyvern (Lair:2)
  2 steam dragons
  23 hippogriffs
  90 yaks
  2 hogs
  A hippogriff (shapeshifter) (Vaults:3)
  An elf skeleton (D:15)
  8 deep elf fighters
  13 wargs
  9 vampire mosquitoes
  2 insubstantial wisps (Vaults:1)
  5 mottled dragons
  52 nagas
  14 porcupines
  3 hungry ghosts
  3 swamp drakes (Lair:8)
  Duvessa (D:6)
  4 sky beasts
  19 water moccasins
  18 wolves
  49 orc warriors
  15 ice beasts
  4 wasps
  2 phantoms
  A necrophage (D:8)
  24 ogres
  2 black bears
  7 boggarts (Vaults:1)
  23 centaurs
  21 crocodiles
  4 brain worms (Lair:8)
  A spectral boulder beetle (Vaults:1)
  A glowing shapeshifter simulacrum (Vaults:1)
  3 big kobolds
  16 giant frogs
  Dowan (D:6)
  A wyvern skeleton (D:9)
  4 scorpions
  13 killer bees
  A vampire bat (Vaults:1)
  3 electric eels
  4 wights (D:6)
  A human simulacrum (Vaults:3)
  6 hounds
  3 crimson imps
  2 giant frog zombies (D:11)
  2 quasits
  6 centaur zombies
  10 iguanas
  An iron imp (Abyss:1)
  Crazy Yiuf (D:3)
  3 centaur skeletons
  2 giant frog skeletons
  4 jellies
  Jessica (D:3)
  34 orc wizards
  A gnoll shaman (D:7)
  31 orc priests
  7 worker ants
  29 sheep
  A killer bee zombie (D:7)
  5 big kobold zombies (Ossuary)
  A hound zombie (D:9)
  3 hound skeletons
  2 mummies (Ossuary)
  A worker ant zombie (D:9)
  9 adders
  14 gnolls
  7 river rats
  4 shadow imps
  20 worms
  5 giant geckos
  198 orcs
  5 ball pythons
  10 bats
  2 bat zombies (D:3)
  2 giant cockroaches
  4 gnoll zombies (Ossuary)
  16 goblins
  10 hobgoblins
  23 kobolds
  9 quokkas
  2 giant gecko zombies (D:5)
  2 giant newts
  A goblin zombie (Ossuary)
  A hobgoblin zombie (Ossuary)
  20 jackals
  A jackal zombie (Crypt:1)
  3 orc zombies (Ossuary)
  A quokka skeleton (D:9)
  6 rats
  2 rat zombies (D:3)
  3 fungi
  2 plants
1785 creatures vanquished.

Vanquished Creatures (collateral kills)
  Frederick (Vaults:2)
  Ilsuiw (Shoals:4)
  A merfolk javelineer (Shoals:4)
  A merfolk impaler (Shoals:4)
  2 harpies (Shoals:4)
  A merfolk (Shoals:4)
  A wind drake (Shoals:4)
  A yak (D:12)
  A kobold (D:12)
10 creatures vanquished.

Vanquished Creatures (others)
  A merfolk aquamancer (Shoals:4)
  A human (Snake:1)
  2 nagas (Snake:1)
  5 wolves (IceCv)
  An ogre (Vaults:2)
  2 iguanas (Lair:8)
  2 orcs
  A giant cockroach (D:3)
  11 fungi
  71 plants
  4 tentacles (Shoals:4)
101 creatures vanquished.

Grand Total: 1896 creatures vanquished

Notes
Turn   | Place    | Note
--------------------------------------------------------------
     0 | D:1      | HaroldButt the Formicid Fighter began the quest for the Orb.
     0 | D:1      | Reached XP level 1. HP: 18/18 MP: 1/1
   106 | D:1      | Reached XP level 2. HP: 20/24 MP: 2/2
   166 | D:1      | Found a sparkling altar of Nemelex Xobeh.
   435 | D:1      | Reached XP level 3. HP: 25/29 MP: 3/3
   962 | D:2      | Reached XP level 4. HP: 15/35 MP: 4/4
  1408 | D:2      | Reached skill level 4 in Long Blades
  1507 | D:3      | Found a stormy altar of Qazlal.
  1662 | D:3      | Reached XP level 5. HP: 15/41 MP: 5/5
  1909 | D:3      | Noticed Jessica
  1915 | D:3      | Killed Jessica
  1915 | D:3      | Reached skill level 5 in Long Blades
  2133 | D:3      | Found an ancient bone altar of Kikubaaqudgha.
  2313 | D:3      | Noticed Crazy Yiuf
  2343 | D:3      | Killed Crazy Yiuf
  2632 | D:4      | Reached skill level 6 in Long Blades
  2632 | D:4      | Reached XP level 6. HP: 36/47 MP: 6/6
  2920 | D:4      | Found a sand-covered staircase.
  2924 | Ossuary  | Entered an ossuary
  2989 | Ossuary  | Reached XP level 7. HP: 44/52 MP: 7/7
  2993 | Ossuary  | Reached skill level 7 in Long Blades
  3477 | D:4      | Reached skill level 8 in Long Blades
  4213 | D:5      | Entered Level 5 of the Dungeon
  4231 | D:5      | Reached XP level 8. HP: 58/58 MP: 8/8
  4445 | D:5      | Reached skill level 9 in Long Blades
  4836 | D:5      | Found a glowing golden altar of the Shining One.
  4862 | D:5      | Became a worshipper of the Shining One
  5056 | D:5      | Found an opulent altar of Gozag.
  5338 | D:6      | Noticed a two-headed ogre
  5369 | D:6      | Killed a two-headed ogre
  5369 | D:6      | Reached skill level 10 in Long Blades
  5603 | D:6      | Reached XP level 9. HP: 62/64 MP: 9/9
  5642 | D:6      | You fall through a shaft!
  5646 | D:7      | Found a staircase to the Ecumenical Temple.
  5772 | D:7      | Reached skill level 11 in Long Blades
  5937 | D:6      | Reached * piety under the Shining One
  5940 | D:6      | Noticed Duvessa
  5940 | D:6      | Noticed Dowan
  5990 | D:6      | Killed Duvessa
  5990 | D:6      | Reached skill level 5 in Shields
  5998 | D:6      | Killed Dowan
  6092 | D:6      | Found a sacrificial altar of Ru.
  6417 | D:7      | Got a warped lead ring
  6426 | D:7      | Identified the ring of Ycvyex {MP-9 EV+2 Str+4 Dex+4} (You found it on level 7 of the Dungeon)
  6721 | D:7      | Reached XP level 10. HP: 65/70 MP: 1/10
  6843 | D:8      | Found a snail-covered altar of Cheibriados.
  6946 | D:8      | Found Elasmops's Food Emporium.
  7194 | D:8      | Reached ** piety under the Shining One
  7303 | D:8      | Reached skill level 10 in Shields
  7351 | D:8      | Found a burning altar of Makhleb.
  7353 | D:8      | Found a basalt altar of Yredelemnul.
  7353 | D:8      | Found a deep blue altar of Sif Muna.
  7357 | D:8      | Found an iron altar of Okawaru.
  7854 | D:9      | Found a white marble altar of Elyvilon.
  8033 | D:10     | Entered Level 10 of the Dungeon
  8274 | D:10     | Reached skill level 12 in Shields
  8395 | D:10     | Noticed a hill giant
  8408 | D:10     | Killed a hill giant
  8609 | D:10     | Reached skill level 13 in Shields
  8688 | D:10     | Noticed a hill giant
  8709 | D:10     | Reached XP level 11. HP: 16/75 MP: 2/11
  9013 | D:10     | Got an ichor-stained leather armour
  9024 | D:10     | Identified the +4 leather armour "Ecerimif" {Int+2 Stlth+} (You found it on level 10 of the Dungeon)
  9321 | D:11     | Reached skill level 14 in Shields
  9583 | D:11     | Reached *** piety under the Shining One
  9604 | D:11     | Reached skill level 15 in Shields
  9982 | D:11     | Found a staircase to the Lair.
 10144 | D:11     | Noticed Nergalle
 10167 | D:11     | Killed Nergalle
 10167 | D:11     | Reached skill level 5 in Fighting
 10317 | D:11     | Noticed a cyan ugly thing
 10332 | D:11     | Killed a cyan ugly thing
 10492 | Lair:1   | Entered Level 1 of the Lair of Beasts
 10511 | Lair:1   | Reached **** piety under the Shining One
 10512 | Lair:1   | Found a frozen archway.
 10548 | Lair:1   | Reached XP level 12. HP: 76/91 MP: 3/12
 10600 | IceCv    | Entered an ice cave
 10798 | IceCv    | Reached skill level 10 in Fighting
 11357 | IceCv    | Noticed a frost giant
 11357 | IceCv    | Noticed a death yak
 11395 | IceCv    | Killed a death yak
 11419 | IceCv    | Killed a frost giant
 11419 | IceCv    | Reached XP level 13. HP: 51/108 MP: 4/13
 11442 | IceCv    | Reached skill level 5 in Armour
 11798 | Lair:1   | Reached ***** piety under the Shining One
 12117 | Lair:1   | Found a glowing silver altar of Zin.
 12271 | Lair:1   | Reached skill level 5 in Dodging
 13672 | Lair:4   | Noticed Sonja
 13792 | Lair:4   | Found a dark tunnel.
 13800 | Volcano  | Entered a volcano
 14308 | Lair:4   | Cast into the Abyss (Sonja)
 14395 | Abyss:1  | Noticed a lorocyproca
 14399 | Lair:4   | Escaped the Abyss
 14542 | Lair:4   | Killed Sonja
 14542 | Lair:4   | Reached XP level 14. HP: 84/115 MP: 5/14
 15340 | Lair:5   | Found a staircase to the Shoals.
 15364 | Lair:5   | Reached skill level 10 in Armour
 16040 | Lair:6   | Found a staircase to the Snake Pit.
 16927 | Lair:7   | Reached skill level 10 in Dodging
 17599 | Lair:7   | Noticed Nessos
 17604 | Lair:7   | Killed Nessos
 18824 | D:12     | Reached XP level 15. HP: 117/123 MP: 6/15
 19009 | D:12     | Found a staircase to the Orcish Mines.
 19450 | D:12     | Found a gateway to a bazaar.
 19493 | D:12     | Reached ****** piety under the Shining One
 19815 | Orc:1    | Entered Level 1 of the Orcish Mines
 20298 | Orc:2    | Reached skill level 1 in Invocations
 20904 | Orc:3    | Found a flagged portal.
 20904 | Orc:3    | Noticed Snorg
 20922 | Orc:3    | Killed Snorg
 20931 | Bailey   | Entered a bailey
 21305 | Bailey   | Found an iron altar of Okawaru.
 22290 | Orc:4    | Entered Level 4 of the Orcish Mines
 22334 | Orc:4    | Reached skill level 5 in Invocations
 22659 | Orc:4    | Noticed an orc warlord
 22688 | Orc:4    | Killed an orc warlord
 22963 | Orc:4    | Found Xakaur's Armour Boutique.
 22963 | Orc:4    | Found Fex Puabe's Armour Shoppe.
 22965 | Orc:4    | Found Lafuifukh's Antique Armour Shoppe.
 22965 | Orc:4    | Found Vugaesuq's Jewellery Boutique.
 23055 | Orc:4    | Found a staircase to the Elven Halls.
 23460 | Bazaar   | Entered a bazaar
 23460 | Bazaar   | Found Kees's Armour Emporium.
 23460 | Bazaar   | Found Wetzipla's Antique Weapon Emporium.
 23474 | Bazaar   | Found Gypig's Assorted Antiques.
 23482 | Bazaar   | Found Lybo's Food Boutique.
 23490 | Bazaar   | Found Xesao's Antique Weapon Shop.
 23553 | Bazaar   | Bought a steel ring for 145 gold pieces
 23553 | Bazaar   | Bought a pair of glowing boots for 130 gold pieces
 23553 | Bazaar   | Bought a potion of heal wounds for 145 gold pieces
 23553 | Bazaar   | Bought a pink potion for 26 gold pieces
 23839 | Lair:8   | Entered Level 8 of the Lair of Beasts
 23839 | Lair:8   | Noticed Maud
 24028 | Lair:8   | Reached XP level 16. HP: 120/131 MP: 11/22
 24053 | Lair:8   | Killed Maud
 24425 | Lair:8   | Found a viscous altar of Jiyva.
 24426 | Lair:8   | Found a staircase to the Slime Pits.
 25075 | Lair:8   | Found a runed door.
 25617 | Lair:8   | Reached skill level 10 in Invocations
 25967 | D:13     | Got an encrusted scale mail
 25978 | D:13     | Identified the cursed +0 scale mail of Honesty {rF+ MR+ SInv} (You found it on level 13 of the Dungeon)
 25995 | D:13     | Found a corrupted altar of Lugonu.
 27040 | D:14     | Reached skill level 15 in Long Blades
 27436 | D:14     | Found a gate to the Vaults.
 27464 | D:14     | Noticed Josephine
 27474 | D:14     | Killed Josephine
 27901 | D:15     | Entered Level 15 of the Dungeon
 27992 | D:15     | Found a staircase to the Depths.
 28035 | D:15     | Reached XP level 17. HP: 137/137 MP: 16/25
 28250 | D:15     | Learned a level 2 spell: Stoneskin
 29086 | Lair:4   | Upgraded the game from 0.17.0-18-gaab0e96 to 0.17.0-22-g5edae84
 29185 | Shoals:1 | Entered Level 1 of the Shoals
 29336 | Snake:1  | Entered Level 1 of the Snake Pit
 29488 | Snake:1  | Noticed Louise
 29520 | Snake:1  | Killed Louise
 29541 | Snake:1  | Noticed Kirke
 29565 | Snake:1  | Killed Kirke
 29580 | Snake:1  | Reached skill level 16 in Long Blades
 29581 | Snake:1  | Noticed Aizul
 29590 | Snake:1  | Killed Aizul
 31085 | Snake:2  | Reached skill level 17 in Long Blades
 31116 | Snake:3  | Noticed herpmino's ghost (adept TrCK)
 31465 | Snake:3  | Killed herpmino's ghost
 31563 | Snake:3  | Reached XP level 18. HP: 77/144 MP: 19/28
 32378 | Snake:4  | Entered Level 4 of the Snake Pit
 32618 | Snake:4  | Noticed Saint Roka
 32677 | Snake:4  | Killed Saint Roka
 32677 | Snake:4  | Reached skill level 18 in Long Blades
 33027 | Snake:4  | Noticed Agnes
 33040 | Snake:4  | Killed Agnes
 33443 | Snake:4  | Reached skill level 15 in Invocations
 33476 | Snake:4  | HP: 7/144 [shock serpent/bolt of electricity (19)]
 33944 | Snake:4  | Reached skill level 1 in Transmutations
 33944 | Snake:4  | Reached skill level 1 in Earth Magic
 33966 | Snake:4  | Reached skill level 1 in Spellcasting
 33983 | Snake:4  | Found Ivian's Food Boutique.
 34071 | Snake:4  | Noticed Vashnia
 34158 | Snake:4  | Killed Vashnia
 34515 | Snake:4  | Found a glowing silver altar of Zin.
 34832 | Snake:4  | Reached XP level 19. HP: 150/150 MP: 21/30
 35322 | Snake:4  | Reached skill level 5 in Earth Magic
 36018 | Snake:4  | Got a serpentine rune of Zot
 36504 | Shoals:1 | Noticed Frances
 36633 | Lair:5   | Killed Frances
 36773 | Shoals:1 | Noticed Donald
 36793 | Shoals:1 | Killed Donald
 36796 | Shoals:1 | Reached skill level 5 in Transmutations
 37306 | Shoals:1 | Reached skill level 5 in Spellcasting
 40457 | Shoals:3 | Reached XP level 20. HP: 137/157 MP: 22/31
 42017 | Shoals:4 | Entered Level 4 of the Shoals
 42021 | Shoals:4 | Noticed Nikola
 42359 | Shoals:4 | Noticed Ilsuiw
 42859 | Vaults:1 | Entered Level 1 of the Vaults
 43796 | Vaults:2 | Found Uxir's Antique Armour Boutique.
 43899 | Vaults:2 | Found a magical portal.
 43994 | Vaults:2 | Noticed a lich
 44002 | Vaults:2 | Killed a lich
 44169 | Vaults:2 | Found a staircase to the Crypt.
 44313 | Vaults:2 | Bought a ripped robe for 148 gold pieces
 44313 | Vaults:2 | Bought a shiny plate armour for 598 gold pieces
 44316 | Vaults:2 | Identified the +1 robe of Errumol {+Inv Int+4} (You bought it in a shop on level 2 of the Vaults)
 44725 | Vaults:1 | Reached skill level 10 in Earth Magic
 45279 | Vaults:1 | Reached XP level 21. HP: 133/163 MP: 25/34
 46018 | Vaults:1 | Reached skill level 10 in Transmutations
 46295 | Vaults:1 | Reached skill level 10 in Spellcasting
 47128 | Vaults:1 | Identified Sif Muna's Disquisition on Quantum Summoning
 47162 | Vaults:1 | Noticed a bone dragon
 47176 | Vaults:1 | Killed a bone dragon
 47235 | Vaults:1 | Identified the Guide on Stolen Souls
 47323 | Vaults:1 | Identified Sif Muna's Handbook of Earthen Transformation (You found it on level 1 of the Vaults)
 47331 | Vaults:1 | Learned a level 6 spell: Statue Form
 49733 | Vaults:3 | Reached XP level 22. HP: 150/173 MP: 27/36
 51038 | Shoals:3 | Killed Nikola
 51038 | Shoals:3 | Reached skill level 15 in Fighting
 51849 | Shoals:4 | Killed Ilsuiw
 51854 | Shoals:4 | Found Tisor's Book Shoppe.
 51990 | Shoals:4 | Got a pitted granite ring
 51993 | Shoals:4 | Identified the ring of the Exiled Ships {rPois MR+ Str+10 Dex-4 Stlth-} (You found it on level 4 of the Shoals)
 52491 | Shoals:4 | Got a barnacled rune of Zot
 53774 | Crypt:1  | Entered Level 1 of the Crypt
 53851 | Crypt:1  | Noticed Frederick
 53896 | Vaults:2 | Killed Frederick
 53896 | Vaults:2 | Killed from afar by a spellforged servitor

Action                   |  1- 3 |  4- 6 |  7- 9 | 10-12 | 13-15 | 16-18 | 19-21 | 22-24 || total
-------------------------+-------+-------+-------+-------+-------+-------+-------+-------++-------
Melee: Long sword        |   118 |   129 |       |       |    34 |    21 |       |       ||   302
       Great sword       |       |    76 |   419 |   605 |  1581 |  1509 |  2286 |   636 ||  7112
Throw: Throwing net      |       |       |       |       |     1 |       |       |       ||     1
 Cast: Stoneskin         |       |       |       |       |       |       |    24 |     8 ||    32
Invok: Divine Shield     |       |       |       |       |       |     1 |     4 |     3 ||     8
       Summon Divine War |       |       |       |       |       |       |       |     4 ||     4
       Cleansing Flame   |       |       |       |       |       |       |       |     1 ||     1
 Abil: Dig               |       |       |     2 |     8 |    20 |    30 |    19 |       ||    79
Evoke: Wand              |       |       |       |       |       |       |       |     1 ||     1
  Use: Scroll            |       |    11 |     5 |     1 |    19 |     8 |     5 |     3 ||    52
       Potion            |       |       |     1 |     1 |     1 |     3 |     1 |     4 ||    11
 Stab: Distracted        |       |       |       |       |       |     1 |     1 |       ||     2
  Eat: Chunk             |       |     7 |    22 |    19 |    75 |    42 |    53 |    15 ||   233
       Bread ration      |       |       |       |       |       |       |     1 |       ||     1
